 Dungeon Crawl Stone Soup version 0.23-a0-586-gacb4b3f (webtiles) character file.

13290 tilp the Impaler (level 12, -5/83 HPs)
             Began as a Merfolk Ice Elementalist on Dec 19, 2018.
             Was a Priest of Makhleb.
             Slain by a six-headed hydra (12 damage)
             ... on level 1 of the Lair of Beasts.
             The game lasted 01:00:25 (17577 turns).

tilp the Impaler (Merfolk Ice Elementalist)        Turns: 17577, Time: 01:00:26

Health: -5/83      AC: 15    Str:  8    XL:     12   Next: 4%
Magic:  17/21      EV: 17    Int: 22    God:    Makhleb [***...]
Gold:   303        SH:  0    Dex: 19    Spells: 9/23 levels left

rFire    . . .     SeeInvis .   N - +1 glaive (vamp)
rCold    . . .     Gourm    .   (shield currently unavailable)
rNeg     . . .     Faith    .   U - +0 steam dragon scales
rPois    .         Spirit   .   m - +0 helmet
rElec    .         Reflect  .   (no cloak)
rCorr    .         Harm     .   D - +0 pair of gloves
MR       .....                  (no boots)
Stlth    ++........             (no amulet)
HPRegen  0.23/turn              Q - +3 ring of intelligence
MPRegen  0.17/turn              V - +4 ring of dexterity

@: icy armour
A: change form in water, swift swim, stealthy swim
a: Minor Destruction, Lesser Servant of Makhleb, Renounce Religion


You were on level 1 of the Lair of Beasts.
You worshipped Makhleb.
Makhleb was most pleased with you.
You were hungry.

You visited 2 branches of the dungeon, and saw 13 of its levels.
You also visited: Sewer.

You collected 546 gold pieces.
You spent 243 gold pieces at shops.

Inventory:

Hand Weapons
 a - a +1 halberd
 N - a +1 vampiric glaive (weapon)
Missiles
 i - 3 curare-tipped needles
 o - 314 stones (quivered)
 A - 70 poisoned needles
Armour
 m - a +0 helmet (worn)
 D - a +0 pair of gloves (worn)
 S - a +0 leather armour of cold resistance
 U - +0 steam dragon scales (worn)
 Y - a +0 troll leather armour
Magical Staves
 L - an uncursed staff of wizardry
Jewellery
 y - an uncursed ring of see invisible
 Q - a +3 ring of intelligence (left hand)
 V - a +4 ring of dexterity (right hand)
Wands
 n - a wand of polymorph (15)
 p - a wand of enslavement (12)
 w - a wand of flame (24)
 E - a wand of random effects (24)
 H - a wand of paralysis (2)
 R - a wand of acid (4)
 T - a wand of iceblast (8)
Scrolls
 d - 3 scrolls of teleportation
 e - a scroll of immolation {unknown}
 f - a scroll of blinking {unknown}
 l - 2 scrolls of remove curse
 q - 3 scrolls of amnesia
 s - a scroll of magic mapping
 u - a scroll of random uselessness {unknown}
 M - a scroll of fog {unknown}
 O - a scroll of enchant armour {unknown}
 P - a scroll of noise {unknown}
Potions
 g - 2 potions of degeneration
 j - 7 potions of curing
 k - 5 potions of magic
 r - 2 potions of agility
 t - 2 potions of berserk rage {unknown}
 x - 6 potions of brilliance
 B - 3 potions of might
 C - a potion of flight {unknown}
 F - 2 potions of resistance {unknown}
 G - a potion of lignification {unknown}
 I - a potion of mutation {unknown}
 J - a potion of haste {unknown}
 K - 2 potions of invisibility {unknown}
Miscellaneous
 W - a lightning rod (4/4)
Comestibles
 c - 11 rations


   Skills:
 - Level 4.0 Fighting
 * Level 16.0 Polearms
 - Level 6.4 Dodging
 - Level 2.1 Stealth
 - Level 6.0 Spellcasting
 - Level 2.1 Conjurations
 - Level 4.0 Charms
 - Level 10.2 Ice Magic
 - Level 5.2 Invocations
 - Level 4.1 Evocations


You had 9 spell levels left.
You knew the following spells:

 Your Spells              Type           Power        Failure   Level  Hunger
a - Freeze                Ice            ####         1%          1    None
b - Throw Frost           Conj/Ice       ####..       1%          2    None
c - Ozocubu's Armour      Chrm/Ice       #####...     1%          3    #......
d - Throw Icicle          Conj/Ice       ####....     8%          4    ###....
e - Regeneration          Chrm/Necr      ###.......   12%         3    #......
f - Animate Skeleton      Necr           N/A          9%          1    None

Your spell library contained the following spells:

 Spells                   Type           Power        Failure   Level  Hunger
 Pain                     Necr           #...         9%          1    None
 Summon Ice Beast         Ice/Summ       ####....     11%         4    ###....
 Vampiric Draining        Necr           #.........   26%         3    #......
 Animate Dead             Necr           N/A          65%         4    ###....


Dungeon Overview and Level Annotations

Branches:
Dungeon (11/15)            Temple (0/1) D:7            Lair (2/6) D:8
 Shoals (0/4) Lair:2          Orc (0/2) D:9
  Snake: Lair:2-4    Spider: Lair:2-4

Altars:
Dithmenos
Elyvilon
Fedhas
Makhleb
Okawaru
Qazlal
Ru
Vehumet
Wu Jian
Xom
Yredelemnul
Zin

Shops:
D:4 =   D:7 }[(

Annotations:
D:6 Grinder
D:10 exclusion: gargoyle
Lair:1 exclusion: basilisk


Message History

* * * LOW HITPOINT WARNING * * *
The six-headed hydra misses you. x2
The six-headed hydra bites you but does no damage.
The six-headed hydra misses you. The six-headed hydra bites you!
* * * LOW HITPOINT WARNING * * *
Your ynoxinul hits the six-headed hydra.
Your neqoxec hits the six-headed hydra!
Casting: Freeze (safe; 1% risk of failure)
Confirm with . or Enter, or press ? or * to list all spells.
Aiming: Freeze (safe; 1% risk of failure)
Press: ? - help, Shift-Dir - straight line, f/p - six-headed hydra
Aim: a six-headed hydra (moderately wounded)
You freeze the six-headed hydra.
The six-headed hydra is moderately wounded.
The six-headed hydra seems to slow down.
The six-headed hydra bites you but does no damage. x2
The six-headed hydra misses you. The six-headed hydra bites you.
* * * LOW HITPOINT WARNING * * *
The six-headed hydra bites you!
You die...

###.....###..............## ###.#
#####.....#..............# #.#.#
.# #.###...............######..#
## ### ##..............# #..#.##
# #.............## #....#. #
#.............####.#.... #
##......3......)รท.......# #
#......D......###........ ###
##....3.@.....# #......## ####.##
##..........## ##...###. #.#...##
##........## ##..P##... #......##
#..#...#### #...##....
........###...##.# ##.###....
.........#..P######### ##.#......
.........#.###.###...###P.##.lll
#..........###........##...####l
##........##...........#..###.###


You could see a six-headed hydra, a friendly neqoxec and a friendly ynoxinul.

Vanquished Creatures
  Sonja (D:10)
  3 elephants (Lair:2)
  Psyche (D:8)
  2 spiny frogs (Lair:1)
  2 centaur skeletons
  2 komodo dragons (Lair:1)
  2 trolls
  Prince Ribbit (D:5)
  4 hippogriffs
  10 yaks
  A steam dragon (D:7)
  A hungry ghost (D:7)
  The ghost of pidr the Sneak, an amateur OpAs (D:3)
  6 water moccasins
  4 orc warriors
  3 porcupines
  A sky beast (D:9)
  3 ice beasts
  6 ogres
  An eye of draining (D:9)
  3 wolves (Lair:1)
  5 centaurs
  5 crocodiles
  A big kobold (D:10)
  16 bullfrogs
  4 scorpions
  7 howler monkeys
  4 crimson imps
  A bullfrog zombie (D:6)
  3 bullfrog skeletons
  2 hounds
  3 jellies
  5 orc priests
  6 orc wizards
  Ijyb (D:5)
  11 iguanas
  5 worker ants
  A hound zombie (D:5)
  A worker ant zombie (D:10)
  3 howler monkey skeletons
  6 adders
  5 gnolls
  7 river rats
  2 shadow imps (D:6)
  2 oozes (Sewer)
  3 adder skeletons
  6 worms
  2 dart slugs
  2 leopard geckos
  26 orcs
  5 giant cockroaches
  8 goblins
  4 hobgoblins
  15 jackals
  2 quokkas
  4 ball pythons (Sewer)
  A ball python skeleton (D:4)
  5 bats
  9 frilled lizards
  A jackal skeleton (D:4)
  A jackal zombie (D:5)
  25 kobolds
  A leopard gecko skeleton (D:5)
  2 quokka skeletons
  40 rats
326 creatures vanquished.

Vanquished Creatures (collateral kills)
  3 yaks (Lair:1)
  Grum (Lair:1)
  A basilisk (Lair:2)
  A water moccasin (Lair:2)
  A centaur (Lair:2)
  An orc wizard (D:9)
8 creatures vanquished.

Vanquished Creatures (others)
  26 fungi (Lair:2)
  3 plants
29 creatures vanquished.

Grand Total: 363 creatures vanquished

Notes
Turn   | Place    | Note
-------+----------+-------------------------------------------
     0 | D:1      | tilp the Merfolk Ice Elementalist began the quest for the
                  | Orb.
     0 | D:1      | Reached XP level 1. HP: 13/13 MP: 3/3
   325 | D:1      | Reached XP level 2. HP: 19/19 MP: 3/5
   332 | D:1      | Learned a level 2 spell: Throw Frost
   980 | D:1      | Reached XP level 3. HP: 12/24 MP: 2/6
  1581 | D:2      | Reached skill level 5 in Ice Magic
  1783 | D:2      | Reached XP level 4. HP: 30/30 MP: 2/7
  2204 | D:2      | Learned a level 3 spell: Ozocubu's Armour
  2332 | D:2      | Found an ornate altar of the Wu Jian Council.
  2333 | D:2      | Found a shadowy altar of Dithmenos.
  2452 | D:3      | Found a radiant altar of Vehumet.
  2480 | D:3      | Found a glowing silver altar of Zin.
  2585 | D:3      | Found a runed door.
  2593 | D:3      | Noticed pidr's ghost (amateur OpAs)
  2630 | D:3      | Found a runed door.
  2691 | D:3      | Noticed a bullfrog
  2697 | D:3      | Killed a bullfrog
  2697 | D:3      | Reached XP level 5. HP: 22/35 MP: 2/8
  3393 | D:4      | Found a glowing drain.
  3423 | D:4      | Reached XP level 6. HP: 38/41 MP: 7/9
  3445 | Sewer    | Entered a sewer
  4968 | D:4      | Found Vaiwkowa's Jewellery Shoppe.
  4983 | D:4      | Noticed a phantom
  5295 | D:4      | Reached XP level 7. HP: 28/47 MP: 5/10
  5306 | D:4      | Reached skill level 1 in Fighting
  5714 | D:4      | Found a sacrificial altar of Ru.
  5925 | D:4      | Found a stormy altar of Qazlal.
  6077 | D:3      | Killed pidr's ghost
  6077 | D:3      | Reached skill level 5 in Dodging
  6228 | D:5      | Entered Level 5 of the Dungeon
  6228 | D:5      | Noticed Ijyb
  6267 | D:5      | Found an iron altar of Okawaru.
  6537 | D:5      | Noticed Prince Ribbit
  6657 | D:5      | Reached XP level 8. HP: 58/60 MP: 0/11
  6783 | D:5      | Found a white marble altar of Elyvilon.
  6973 | D:5      | Reached skill level 1 in Evocations
  7940 | D:6      | Reached skill level 1 in Conjurations
  7940 | D:6      | Reached skill level 1 in Charms
  8115 | D:6      | Noticed Grinder
  8287 | D:6      | Found a basalt altar of Yredelemnul.
  8654 | D:6      | Reached XP level 9. HP: 65/65 MP: 5/13
  8731 | D:6      | Found a blossoming altar of Fedhas.
  8918 | D:7      | Found Liuxt's Armour Shop.
  8926 | D:7      | Bought a +0 helmet for 63 gold pieces
  8955 | D:7      | Found Umicvi's Gadget Boutique.
  9061 | D:7      | Found a burning altar of Makhleb.
  9062 | D:7      | Found a shimmering altar of Xom.
  9066 | D:7      | Became a worshipper of Makhleb the Destroyer
  9414 | D:7      | Found a staircase to the Ecumenical Temple.
  9620 | D:7      | Found Oreidas's Weapon Boutique.
  9635 | D:7      | Reached skill level 5 in Spellcasting
  9981 | D:7      | Learned a level 4 spell: Throw Icicle
  9985 | D:7      | Learned a level 3 spell: Regeneration
  9987 | D:7      | Learned a level 1 spell: Animate Skeleton
 10019 | D:8      | Noticed Psyche
 10602 | D:8      | Killed Psyche
 10602 | D:8      | Reached skill level 10 in Ice Magic
 10602 | D:8      | Reached XP level 10. HP: 59/71 MP: 9/19
 10742 | D:8      | Found a staircase to the Lair.
 10748 | D:8      | Reached skill level 1 in Polearms
 10748 | D:8      | Reached skill level 1 in Invocations
 10755 | D:8      | Reached * piety under Makhleb
 10849 | D:8      | Reached skill level 2 in Polearms
 11086 | D:9      | Reached skill level 3 in Polearms
 11586 | D:9      | Reached skill level 4 in Polearms
 11988 | D:9      | Reached skill level 5 in Invocations
 12019 | D:9      | Found a staircase to the Orcish Mines.
 12145 | D:9      | Reached skill level 5 in Polearms
 12255 | D:9      | Reached skill level 6 in Polearms
 12496 | D:10     | Entered Level 10 of the Dungeon
 12548 | D:10     | Noticed a gargoyle
 12804 | D:10     | Reached skill level 7 in Polearms
 12882 | D:10     | Noticed Sonja
 13065 | D:10     | Reached skill level 8 in Polearms
 13288 | D:10     | Reached ** piety under Makhleb
 13420 | D:10     | Killed Sonja
 13420 | D:10     | Reached skill level 9 in Polearms
 13429 | D:10     | Reached XP level 11. HP: 61/77 MP: 11/20
 13573 | D:10     | Reached skill level 10 in Polearms
 13620 | D:11     | Noticed a four-headed hydra
 13918 | D:5      | Killed Ijyb
 14067 | D:5      | Killed Prince Ribbit
 14257 | D:4      | Bought an uncursed ring of see invisible for 180 gold
                  | pieces
 14353 | Lair:1   | Entered Level 1 of the Lair of Beasts
 14445 | Lair:1   | Reached skill level 11 in Polearms
 14859 | D:8      | Reached skill level 12 in Polearms
 15811 | Lair:1   | Reached skill level 13 in Polearms
 16151 | Lair:1   | Noticed Grum
 16174 | Lair:1   | Reached *** piety under Makhleb
 16198 | Lair:1   | Reached skill level 14 in Polearms
 16204 | Lair:1   | Killed Grum
 16866 | Lair:2   | Reached skill level 15 in Polearms
 16920 | Lair:2   | Found a staircase to the Shoals.
 17096 | Lair:2   | Reached XP level 12. HP: 83/83 MP: 10/21
 17163 | Lair:2   | Reached skill level 16 in Polearms
 17205 | Lair:2   | Noticed a six-headed hydra
 17577 | Lair:1   | Slain by a six-headed hydra

Vault maps used:
D:1:      dpeg_arrival_pits
D:2:      gammafunk_temple_overflow_statue, st_stairs_14,
          minmay_rat_gold_closets
D:3:      vehumet_crystals, lemuel_doored_altar, ebering_ghost_sewer_f,
          first_ration
D:4:      nicolae_qazlal_eye_of_the_storm, serial_shops, nicolae_shop_trees,
          cheibrodos_sewer_entry_bend, nicolae_ru_great_annihilating_truth
D:5:      okawaru_gym_becter, old_standard_altar, uniq_ijyb, uniq_prince_ribbit1
D:6:      grunt_temple_overflow_growth_and_decay,
          nicolae_overflow_crystal_walls, uniq_grinder
D:7:      grunt_temple_overflow_champion_of_chaos,
          minmay_temple_entry_proselytizer, serial_shops, shop,
          nicolae_shop_behind_doors, shop, minmay_checkerbox
D:8:      grunt_lair_entry_orc_guard_hut, uniq_psyche
D:9:      orc_0_dummy
D:10:     uniq_sonja
Lair:1:   beast_lair_carwin_large_1, st_stairs_8, pond, uniq_grum
Lair:2:   mu_elephants_graveyard, minmay_shoals_entry_centaurs, uniq_nergalle
Sewer:    sewer_minmay_treatment

Skill      XL: |  1  2  3  4  5  6  7  8  9 10 11 12 |
---------------+-------------------------------------+-----
Ice Magic      | 4 5 6 7 8 10 | 10.2
Fighting       | 3 4 |  4.0
Dodging        | 5 6 |  6.4
Evocations     | 4 |  4.1
Conjurations   | 2 |  2.1
Charms         | 2 4 |  4.0
Spellcasting   | 3 6 |  6.0
Polearms       | 9 15 16 | 16.0
Invocations    | 5 |  5.2
Stealth        | |  2.1

Action                   |  1- 3 |  4- 6 |  7- 9 | 10-12 || total
-------------------------+-------+-------+-------+-------++-------
Melee: Short sword       |    23 |     3 |       |       ||    26
       Rapier            |       |    64 |   237 |   123 ||   424
       Trident           |       |       |       |   252 ||   252
       Halberd           |       |       |       |   190 ||   190
       Glaive            |       |       |       |    59 ||    59
 Fire: Hunting sling     |     9 |    91 |    50 |       ||   150
Throw: Stone             |       |       |       |     1 ||     1
 Cast: Freeze            |    55 |    70 |   179 |   146 ||   450
       Ozocubu's Armour  |       |     3 |    21 |    50 ||    74
       Throw Frost       |       |     8 |     7 |    56 ||    71
       Throw Icicle      |       |       |       |     1 ||     1
Invok: Lesser Servant of |       |       |       |     5 ||     5
Evoke: Wand              |       |       |    12 |     2 ||    14
       Lightning rod     |       |       |       |     3 ||     3
  Use: Scroll            |       |     3 |     6 |     4 ||    13
       Potion            |       |     2 |     1 |     4 ||     7
 Stab: Sleeping          |    11 |     2 |     5 |     3 ||    21
       Paralysed         |       |       |    19 |     9 ||    28
       Distracted        |       |       |       |     1 ||     1
  Eat: Chunk             |     4 |    12 |    12 |    21 ||    49
       Ration            |       |       |     5 |     2 ||     7
Armor: Robe              |    10 |    35 |    47 |       ||    92
       Leather armour    |       |       |    50 |       ||    50
       Steam dragon scal |       |       |    13 |   186 ||   199
       Skin              |       |       |       |    12 ||    12
Dodge: Dodged            |    61 |   115 |   261 |   549 ||   986

Table legend:
 A = Non-vault XP
 B = Vault XP
 C = Vault XP percentage of total XP
 D = Non-vault monster count
 E = Vault monster count
 F = Vault count percentage of total count
                 A         B        C        D         E       F
            +---------+---------+-------+---------+---------+-------
      Total |   12924 |    6063 |  31.9 |     233 |     101 |  30.2
            +---------+---------+-------+---------+---------+-------
        D:1 |      39 |       0 |   0.0 |      15 |       0 |   0.0
        D:2 |      52 |      14 |  21.2 |      29 |      10 |  25.6
        D:3 |     126 |     185 |  59.5 |      17 |       4 |  19.0
        D:4 |     443 |      54 |  10.9 |      16 |       6 |  27.3
        D:5 |     713 |     313 |  30.5 |      25 |       2 |   7.4
        D:6 |     755 |       0 |   0.0 |      20 |       0 |   0.0
        D:7 |    1118 |     374 |  25.1 |      12 |       5 |  29.4
        D:8 |    1509 |     983 |  39.4 |      18 |       5 |  21.7
        D:9 |    1937 |       0 |   0.0 |      29 |       0 |   0.0
       D:10 |     929 |     788 |  45.9 |      22 |       1 |   4.3
     Lair:1 |    4489 |    1574 |  26.0 |      25 |      15 |  37.5
     Lair:2 |     814 |    1627 |  66.7 |       5 |       5 |  50.0
      Sewer |       0 |     151 | 100.0 |       0 |      48 | 100.0
            +---------+---------+-------+---------+---------+-------
